 Seeded DCSS version 0.31-a0-986-g5e6e4ef867 (webtiles) character file.

Game seed: 5012590247021262283 (custom seed)

91 Danienth the Grave Robber (level 4, -2/24 HPs)
             Began as a Deep Elf Necromancer on Nov 12, 2023.
             Slain by Sigmund
             ... wielding a +0 heavy scythe
              (15 damage)
             ... on level 3 of the Dungeon.
             The game lasted 00:12:26 (2291 turns).

Danienth the Grave Robber (Deep Elf Necromancer)    Turns: 2291, Time: 00:12:27

Health: -2/24      AC:  5    Str:  7    XL:     4   Next: 34%
Magic:  9/11       EV: 14    Int: 20    God:
Gold:   147        SH:  0    Dex: 17    Spells: 2/10 levels left

rFire   . . .        g - +0 dagger (speed)
rCold   . . .        (no shield)
rNeg    . . .        a - +0 robe
rPois   .            (no helmet)
rElec   .            (no cloak)
rCorr   .            f - +2 pair of gloves
SInv    .            (no boots)
Will    .....        i - amulet of the acrobat
Stlth   +++          m - +2 ring of dexterity
HPRegen 0.24/turn    n - +1 ring of evasion
MPRegen 0.12/turn

%: acrobat
@: no status effects
A: no striking features
a: no special abilities


You were on level 3 of the Dungeon.
You visited 1 branch of the dungeon, and saw 3 of its levels.

You collected 207 gold pieces.
You spent 60 gold pieces at shops.

Inventory:

Hand Weapons
 g - a +0 dagger of speed (weapon)
 j - a +0 arbalest
Armour
 a - a +0 robe (worn)
 f - a +2 pair of gloves (worn)
Jewellery
 i - an amulet of the acrobat (around neck)
 m - a +2 ring of dexterity (left hand)
 n - a +1 ring of evasion (right hand)
Scrolls
 k - a scroll of enchant weapon {unknown}
 o - a scroll of summoning {unknown}
 p - a scroll of teleportation {unknown}
Potions
 b - a potion of magic
 c - a potion of ambrosia
 e - a potion of attraction
 l - a potion of curing {unknown}


   Skills:
 + Level 0.6 Fighting
 * Level 1.0 Short Blades
 + Level 3.1 Dodging
 * Level 3.5 Stealth
 * Level 3.9 Spellcasting
 * Level 5.4 Necromancy


You had 2 spell levels left.
You knew the following spells:

 Your Spells              Type           Power      Damage    Failure   Level
a - Necrotise             Necr           100%       1d9       1%          1
b - Vampiric Draining     Necr           25%        2d7       4%          3
c - Animate Dead          Necr           25%        N/A       14%         4

Your spell library contained the following spells:

 Spells                   Type           Power      Damage    Failure   Level
 Agony                    Necr           25%        N/A       36%         5


Dungeon Overview and Level Annotations

Branches:
Dungeon (3/15)

Altars:
Fedhas
Hepliaklqana

Shops:
D:3 =

Annotations:
D:3 Sigmund


Message History

You swap places.
There is an open door here.
There is an open door here.
Sigmund mumbles some strange words.
Sigmund flickers and vanishes!
Deactivating autopickup; reactivate with Ctrl-A.
Sorry, you're not good enough to have a special ability.
Sorry, you're not good enough to have a special ability.
Casting: Necrotise (safe; 1% risk of failure)
Confirm with . or Enter, or press ? or * to list all spells.
Okay, then.
As you read the scroll labelled CETROU REOCOE, it crumbles to dust.
It is a scroll of identify.
c - a potion of ambrosia
As you read the scroll of identify, it crumbles to dust.
e - a potion of attraction A puff of flame appears from out of thin air!
The puff of flame hits you!
As you read the scroll labelled ZIXTEH QEMIOC, it crumbles to dust.
You assume a fearsome visage.
It was a scroll of fear.
There is a strange disturbance nearby!
There is a strange disturbance nearby!
Something completely misses you.
You miss something. You closely miss something. Something hits you!
Casting: Necrotise (safe; 1% risk of failure)
Confirm with . or Enter, or press ? or * to list all spells.
You can't see any susceptible monsters within range! (Use Z to cast anyway.)
Casting: Necrotise (safe; 1% risk of failure)
Confirm with . or Enter, or press ? or * to list all spells.
Aiming: Necrotise (safe; 1% risk of failure)
Press: ? - help, Shift-Dir - straight line Something writhes in agony.
Casting: Necrotise (safe; 1% risk of failure)
Confirm with . or Enter, or press ? or * to list all spells.
Aiming: Necrotise (safe; 1% risk of failure)
Press: ? - help, Shift-Dir - straight line Something writhes in agony.
Something hits you!
Ouch! That really hurt!
You die...

.###..........##.#.#
#.......#.##
#.#.#######.###.##.#
###.......## .#..#
##.#.###.# ####...##
.##.# ##.## #.# #...# #
.##.# ### #.# #...# #
....# #.# #...# # .####
.. #.########...### .##
....######..........(....
..#
........@Z.#.....).......
..#
...###{##..............<
..# #.##########.....##
### ######### #.# #.....#
#.......# #.# #.....#
#.#####.# #.# #.....#
#.#####.###.# #.....#
###.##........# ##.)>###
###.#.##.##.##### #......


You could see a friendly ball python zombie.

Vanquished Creatures
  3 adders (D:2)
  A worm (D:2)
  A dart slug (D:3)
  An orc (D:3)
  5 ball pythons
  4 bats
  3 endoplasms
  A giant cockroach (D:1)
  5 goblins
  5 hobgoblins
  6 jackals (D:2)
  3 quokkas
  3 frilled lizards
  3 kobolds
  2 rats
46 creatures vanquished.

Vanquished Creatures (collateral kills)
  2 ball pythons
  2 giant cockroaches (D:2)
  A frilled lizard (D:1)
5 creatures vanquished.

Grand Total: 51 creatures vanquished

Notes
Turn   | Place    | Note
-------+----------+-------------------------------------------
     0 | D:1      | Danienth the Deep Elf Necromancer began the quest for the
                  | Orb.
     0 | D:1      | Reached XP level 1. HP: 10/10 MP: 6/6
   137 | D:1      | Reached XP level 2. HP: 15/15 MP: 6/8
   220 | D:1      | Reached skill level 5 in Necromancy
   660 | D:2      | Reached XP level 3. HP: 19/19 MP: 4/9
  1157 | D:2      | Reached XP level 4. HP: 22/24 MP: 7/11
  1163 | D:2      | Learned a level 3 spell: Vampiric Draining
  1168 | D:2      | Learned a level 4 spell: Animate Dead
  1632 | D:3      | Found Myfahiz's One-of-a-Kind Rings.
  1639 | D:3      | Bought a +2 ring of dexterity for 36 gold pieces
  1639 | D:3      | Bought a +1 ring of evasion for 24 gold pieces
  1684 | D:3      | Reached skill level 1 in Short Blades
  1710 | D:3      | Found a blossoming altar of Fedhas.
  1771 | D:3      | Found a hazy altar of Hepliaklqana.
  1955 | D:3      | Noticed Sigmund
  2291 | D:3      | Slain by Sigmund

Illustrated notes

Levels and vault maps discovered:
D:1:      lightli_arrival_maybe_door_vault, layout_rooms,
          chequers_serial_rivers_small_b, minmay_cut_off
D:2:      layout_loops_ring, serial_glass, glass_columns_a, glass_columns_a
D:3:      layout_loops_cross, mainiacjoe_overflow_24_doors, fedhas_altar_2,
          nicolae_shop_unique_rings, uniq_sigmund

Skill      XL: |  1  2  3  4 |
---------------+-------------+-----
Necromancy     | 5 |  5.4
Dodging        | 3 |  3.1
Stealth        | 3 |  3.5
Short Blades   | 1 |  1.0
Fighting       | |  0.6
Spellcasting   | |  3.9

Action                     |  1- 3 |  4- 6 || total
---------------------------+-------+-------++-------
  Melee: Dagger            |     2 |     5 ||     7
   Cast: Necrotise         |    58 |    27 ||    85
         Animate Dead      |       |     1 ||     1
    Use: Scroll            |       |     3 ||     3
   Stab: Sleeping          |       |     1 ||     1
 Armour: Robe              |    15 |     6 ||    21
  Dodge: Dodged            |    28 |     4 ||    32

Table legend: (Time is in decaauts)
 A = Elapsed time spent in this place.
 B = Non-inter-level travel time spent in this place.
 C = Inter-level travel time spent in this place.
 D = Time resting spent in this place.
 E = Time spent auto-exploring this place.
 F = Levels seen in this place.
 G = Mean time per level.
                   A        B        C        D        E       F      G
               +--------+--------+--------+--------+--------+-----+--------+
         Total |   2287 |   2160 |    127 |     18 |   1838 |   3 |  762.3 |
       Dungeon |   2287 |   2160 |    127 |     18 |   1838 |   3 |  762.3 |
               +--------+--------+--------+--------+--------+-----+--------+

Top non-repeatable levels by time:
     D:2: 1084 daAuts
     D:3: 734 daAuts
     D:1: 469 daAuts
